 Dungeon Crawl Stone Soup version 0.17.1-2-g5865329 (webtiles) character file.

146 Miyamura the Insei (level 5, 0/34 HPs)
             Began as an Octopode Transmuter on Jan 16, 2016.
             Killed from afar by an orc wizard (8 damage)
             ... with a puff of flame
             ... on level 3 of the Dungeon.
             The game lasted 00:09:38 (3488 turns).

Miyamura the Insei (Octopode Transmuter)            Turns: 3488, Time: 00:09:45

Health: 0/34       AC:  1    Str:  9    XL:     5   Next: 28%
Magic:  15/18      EV: 13    Int: 16    God:
Gold:   84         SH:  0    Dex: 13    Spells: 3 memorised, 3 levels left

rFire  . . .     SeeInvis .     q - +3 dagger (venom)
rCold  . . .     Clarity  .     (no shield)
rNeg   . . .     SustAt   .     (helmet restricted)
rPois  +         Gourm    .     (no amulet)
rElec  .         Spirit   .     s - ring of poison resistance
rCorr  .         Warding  .     g - ring of magical power
rMut   .         Stasis   .     (no ring)
MR     .....                    (no ring)
Stlth  +++.......               (no ring)
                                (no ring)
                                (no ring)
                                (no ring)

@: not resistant to hostile enchantments, fairly stealthy
A: almost no armour, amphibious, 8 rings, constrict 8, camouflage 1, gelatinous
body 1
a: no special abilities


You were on level 3 of the Dungeon.
You were not hungry.

You visited 1 branch of the dungeon, and saw 3 of its levels.

You collected 84 gold pieces.

Inventory:

Hand Weapons
 q - a +3 dagger of venom (weapon)
Missiles
 a - 55 arrows
 i - 29 poisoned needles
Jewellery
 g - a ring of magical power (right tentacle)
 s - a ring of poison resistance (left tentacle)
Scrolls
 e - a scroll of blinking {unknown}
 k - a scroll of random uselessness {unknown}
 l - 2 scrolls of remove curse
 m - a scroll of noise {unknown}
 n - a scroll of recharging {unknown}
 o - a scroll of teleportation {unknown}
 p - 3 scrolls of enchant armour
 t - a scroll of amnesia {unknown}
Potions
 d - 6 potions of curing
 j - 2 potions of heal wounds
 r - a potion of poison {unknown}
Books
 b - a book of Changes

   Spells                             Type                      Level
   a - Beastly Appendage              Transmutation                1
   b - Sticks to Snakes               Transmutation                2
   c - Spider Form                    Transmutation/Poison         3
   d - Ice Form                       Ice/Transmutation            4
   e - Blade Hands                    Transmutation                5
Comestibles
 c - 3 bread rations
 f - 4 fruits
 u - 5 chunks of flesh


   Skills:
 + Level 2.2 Fighting
 + Level 2.7 Dodging
 + Level 3.1 Stealth
 + Level 3.4 Unarmed Combat
 + Level 2.6 Spellcasting
 + Level 2.6 Transmutations


You had 3 spell levels left.
You knew the following spells:

 Your Spells              Type           Power        Failure   Level  Hunger
a - Beastly Appendage     Trmt           ##....       10%         1    #......
f - Spider Form           Trmt/Pois      #.........   38%         3    ###....
s - Sticks to Snakes      Trmt           ##........   12%         2    ##.....


Dungeon Overview and Level Annotations

Branches:
Dungeon (3/15)

Altars:
Trog


Innate Abilities, Weirdness & Mutations

You cannot wear most types of armour.
You are amphibious.
You can wear up to eight rings at the same time.
You can use your tentacles to constrict eight enemies at once.
Your skin changes colour to match your surroundings (Stealth).
Your rubbery body absorbs attacks (AC +1).


Message History

Something barely misses your ball python.
Your adder closely misses something.
Your adder bites something.
Something closely misses your ball python.
You hear some strange, mumbled words.
You see here a stone.
Your adder completely misses something.
Something hits your adder. Something hits your ball python.
Your ball python dies!
You see here a club.
There is an open door here.
You close the door.
Something unseen opens the door.
Something tries to affect you, but you resist.
You hear some strange, mumbled words.
A puff of flame appears from out of thin air!
The puff of flame hits you!
* * * LOW HITPOINT WARNING * * *
A puff of flame appears from out of thin air!
The puff of flame hits you!
You die...

)....).....................+
...#.#.....................# #
...#.#..###'#...8..........+ .+
.....#..###.#..8.8....###### ..#
..>.S)......{.8._.8...........
.....)).(..(#..8.8...######.#####
..#########.#.).8................
..# #)#.)...).########.#.##
.h.....# #.'.{.@...'....#
.......# ###.......####.#
.g.....# #.......# #.# .......#
#.......# #.# .......# #####...#
#.# .......# ##...# #.# .......#
#....# #.# #.#### #.# #.# #.#


There were no monsters in sight!

Vanquished Creatures
  An orc priest (D:3)
  3 adders (D:2)
  4 worms
  4 orcs (D:3)
  2 giant cockroaches
  13 goblins
  5 hobgoblins
  10 jackals
  3 kobolds
  A ball python (D:2)
  5 bats
  3 giant geckos
  4 giant newts
  9 rats
67 creatures vanquished.

Vanquished Creatures (collateral kills)
  An adder (D:2)
  An orc (D:3)
  2 kobolds (D:2)
  A rat (D:2)
5 creatures vanquished.

Grand Total: 72 creatures vanquished

Notes
Turn   | Place    | Note
--------------------------------------------------------------
     0 | D:1      | Miyamura the Octopode Transmuter began the quest for the Orb.
     0 | D:1      | Reached XP level 1. HP: 13/13 MP: 3/3
   261 | D:1      | Reached skill level 1 in Stealth
   288 | D:1      | Reached XP level 2. HP: 12/18 MP: 3/5
   879 | D:1      | Learned a level 2 spell: Sticks to Snakes
   910 | D:2      | Reached XP level 3. HP: 23/23 MP: 6/6
   918 | D:2      | Learned a level 3 spell: Spider Form
  1603 | D:2      | Reached XP level 4. HP: 29/29 MP: 7/7
  2807 | D:3      | Found a faded altar to an unknown god.
  2976 | D:3      | Noticed a moth of wrath
  2979 | D:3      | Found a bloodstained altar of Trog.
  3204 | D:3      | Reached XP level 5. HP: 22/34 MP: 9/9
  3488 | D:3      | Killed from afar by an orc wizard

Action                   |  1- 3 |  4- 6 || total
-------------------------+-------+-------++-------
Melee: Unarmed           |    58 |    29 ||    87
       Dagger            |     8 |    55 ||    63
 Cast: Beastly Appendage |     4 |     8 ||    12
       Sticks to Snakes  |     6 |     7 ||    13
  Use: Scroll            |       |     4 ||     4
 Stab: Sleeping          |     9 |     7 ||    16
       Distracted        |     1 |       ||     1
  Eat: Chunk             |     2 |     7 ||     9
